 Dungeon Crawl Stone Soup version 0.31-a0-145-g046c7d2549 (webtiles) character file.

Game seed: 3391079947035433878

150 Irreverend the Shooter (level 4, -25/34 (37) HPs)
             Began as a Demigod Hunter on June 7, 2023.
             Annihilated by an ogre
             ... wielding a +0 giant club
              (29 damage)
             ... on level 3 of the Dungeon.
             The game lasted 00:03:34 (2288 turns).

Irreverend the Shooter (Demigod Hunter)             Turns: 2288, Time: 00:03:34

HP:   -25/34 (37)   AC:  4    Str: 12    XL:     4   Next: 84%
MP:   6/6           EV: 13    Int: 11    God:
Gold: 123           SH:  0    Dex: 21    Spells: 3/3 levels left

rFire   . . .        a - +0 shortbow
rCold   . . .        (shield currently unavailable)
rNeg    . . .        c - +0 leather armour
rPois   .            (no helmet)
rElec   .            (no cloak)
rCorr   .            (no gloves)
SInv    .            g - +0 pair of boots
Will    .....        (no amulet)
Stlth   ++           (no ring)
HPRegen 0.25/turn    (no ring)
MPRegen 0.10/turn

%: no passive effects
@: studying Dodging, drained
A: high MP 1, forlorn, divine attributes
a: no special abilities


You were on level 3 of the Dungeon.
You visited 1 branch of the dungeon, and saw 3 of its levels.

You collected 123 gold pieces.

Inventory:

Hand Weapons
 a - a +0 shortbow (weapon)
Armour
 c - a +0 leather armour (worn)
 g - a +0 pair of boots (worn)
Jewellery
 f - an amulet of magic regeneration
Scrolls
 b - a scroll of butterflies
 i - 5 scrolls of identify {unknown}
 j - a scroll of teleportation {unknown}
 k - a scroll of fog {unknown}
 n - a scroll of magic mapping {unknown}
 p - a scroll of enchant armour {unknown}
Potions
 d - a potion of enlightenment {unknown}
 e - a potion of magic {unknown}
 h - a potion of resistance {unknown}
 l - 2 potions of heal wounds
 m - 2 potions of attraction {unknown}
 o - a potion of degeneration {unknown}


   Skills:
 + Level 2.8 Fighting
 * Level 4.8 Ranged Weapons
 - Level 0.5 Armour
 + Level 3.1 Dodging
 - Level 0.8 Stealth


You had 3 spell levels left.
You didn't know any spells.
Your spell library contained the following spells:

 Spells                   Type           Power      Damage    Failure   Level
 Summon Small Mammal      Summ           0%         N/A       41%         1
 Ensorcelled Hibernation  Hex/Ice        0%         N/A       56%         2
 Passwall                 Tmut/Erth      0%         N/A       56%         2
 Call Canine Familiar     Summ           0%         N/A       80%         3
 Summon Guardian Golem    Hex/Summ       0%         N/A       80%         3
 Swiftness                Air            0%         N/A       80%         3


Dungeon Overview and Level Annotations

Branches:
Dungeon (3/15)


Innate Abilities, Weirdness & Mutations

You have an increased reservoir of magic. (+10% MP)
You shall have no god before yourself.
Your divine heritage dramatically boosts your attributes as you level up.


Message History

a +0 dagger; a kobold corpse
Things that are here:
a +1 short sword of draining; 3 stones
Found a leather armour.
o - a black potion
p - a scroll labelled BEEKHL EHOOWEMU As you open the door, it creaks loudly!
There is an open door here.
You now have 123 gold pieces (gained 12).
You open the door.
There is an open door here.
An ogre comes into view. It is wielding a +0 giant club.
The ogre shouts!
An ogre is nearby!
You shoot an arrow. The arrow hits the ogre.
The ogre is lightly wounded.
You shoot an arrow. The arrow closely misses the ogre.
You shoot an arrow. The arrow barely misses the ogre.
You shoot an arrow. The arrow closely misses the ogre.
You shoot an arrow. The arrow hits the ogre.
The ogre is lightly wounded.
The ogre hits you with a +0 giant club!!
Ouch! That really hurt!
You are too injured to fight recklessly!
You are too injured to fight recklessly!
You are too injured to fight recklessly!
You are too injured to fight recklessly!
You are too injured to fight recklessly!
You shoot an arrow.
The arrow hits the ogre but does no damage.
The ogre is lightly wounded.
The ogre completely misses you.
You shoot an arrow. The arrow barely misses the ogre.
The ogre hits you with a +0 giant club!
* * * LOW HITPOINT WARNING * * *
You shoot an arrow. The arrow hits the ogre!
The ogre is heavily wounded.
The ogre hits you with a +0 giant club!!
Ouch! That really hurt!
You die...

##.# #.........#
#..# #..........
#.## #.......... #.#
#..........
#.############......
#.......... #......
#.######### #......
##..#...... #[.....
##@O...... ###..##
##....|.. ...##
....... ###.###
....... .....
....... . .....##
... ###### ###


You could see an ogre.

Vanquished Creatures
  2 orc wizards (D:3)
  An adder (D:3)
  3 worms
  4 dart slugs
  9 orcs (D:3)
  10 ball pythons
  5 endoplasms
  2 giant cockroaches
  3 goblins
  4 hobgoblins
  3 jackals (D:1)
  6 kobolds
  3 quokkas
  A bat (D:2)
  3 frilled lizards
  A rat (D:3)
60 creatures vanquished.

Notes
Turn   | Place    | Note
-------+----------+-------------------------------------------
     0 | D:1      | Irreverend the Demigod Hunter began the quest for the Orb.
     0 | D:1      | Reached XP level 1. HP: 17/17 MP: 3/3
   306 | D:1      | Reached XP level 2. HP: 21/24 MP: 4/4
   764 | D:1      | Reached skill level 4 in Ranged Weapons
   922 | D:2      | Reached XP level 3. HP: 29/29 MP: 5/5
  1377 | D:3      | Reached XP level 4. HP: 31/37 MP: 6/6
  1384 | D:3      | HP: 1/37 [orc/+0 trident (7)]
  2280 | D:3      | Noticed an ogre
  2288 | D:3      | Annihilated by an ogre

Illustrated notes

Levels and vault maps discovered:
D:1:      dpeg_arrival_ternary, layout_basic, ebering_ecumenical_altar_petrified
D:2:      minmay_door_path, layout_basic
D:3:      layout_basic, okawaru_gym_becter, serial_co_window_serial,
          co_window_paths_a, co_window_corner_a, co_window_corner_a,
          co_window_paths_b, co_window_corner_a, co_window_paths_a,
          co_window_of_opportunity_a, co_window_corner_cb,
          co_window_of_opportunity_b, co_window_corner_ca, co_window_sun

Skill      XL: |  1  2  3  4 |
---------------+-------------+-----
Fighting       | 2 |  2.8
Dodging        | 2 3 |  3.1
Ranged Weapons | 4 |  4.8
Armour         | |  0.5
Stealth        | |  0.8

Action                     |  1- 3 |  4- 6 || total
---------------------------+-------+-------++-------
   Fire: Shortbow          |   110 |    84 ||   194
    Use: Potion            |     2 |     1 ||     3
 Armour: Leather armour    |    14 |    10 ||    24
  Dodge: Dodged            |    38 |    23 ||    61

Table legend: (Time is in decaauts)
 A = Elapsed time spent in this place.
 B = Non-inter-level travel time spent in this place.
 C = Inter-level travel time spent in this place.
 D = Time resting spent in this place.
 E = Time spent auto-exploring this place.
 F = Levels seen in this place.
 G = Mean time per level.
                   A        B        C        D        E       F      G
               +--------+--------+--------+--------+--------+-----+--------+
         Total |   2331 |   2281 |     50 |    177 |   1704 |   3 |  777.0 |
       Dungeon |   2331 |   2281 |     50 |    177 |   1704 |   3 |  777.0 |
               +--------+--------+--------+--------+--------+-----+--------+

Top non-repeatable levels by time:
     D:3: 1003 daAuts
     D:1: 857 daAuts
     D:2: 470 daAuts
